 Dungeon Crawl Stone Soup version 0.29-a0-582-ge82337ba6a (webtiles) character file.

Game seed: 5093177347037687004

48 HoaS the Bolt Thrower (level 4, -1/33 HPs)
             Began as a Formicid Hunter on June 14, 2022.
             Slain by Sigmund
             ... wielding a +0 scythe
              (11 damage)
             ... on level 2 of the Dungeon.
             The game lasted 00:02:58 (1186 turns).

HoaS the Bolt Thrower (Formicid Hunter)             Turns: 1186, Time: 00:02:58

Health: -1/33      AC:  3    Str: 21    XL:     4   Next: 0%
Magic:  4/4        EV: 12    Int:  9    God:
Gold:   71         SH:  0    Dex: 19    Spells: 3/3 levels left

rFire   . . .      SeeInvis +   a - +1 hand crossbow
rCold   . . .      Faith    .   (no shield)
rNeg    . . .      Spirit   .   b - +0 leather armour
rPois   .          Reflect  .   (helmet unavailable)
rElec   .          Harm     .   e - scarf {shadows}
rCorr   .          Rampage  .   (no gloves)
Will    .....                   (no boots)
Stlth   +.........              (no amulet)
HPRegen 0.11/turn               n - +6 ring of strength
MPRegen 0.09/turn               (no ring)

@: confused
A: permanent stasis, dig shafts and tunnels, antennae 3, four strong arms
a: Dig, Shaft Self


You were on level 2 of the Dungeon.
You visited 1 branch of the dungeon, and saw 2 of its levels.

You collected 71 gold pieces.

Inventory:

Hand Weapons
 a - a +1 hand crossbow (weapon)
Armour
 b - a +0 leather armour (worn)
 e - a scarf of shadows (worn)
Jewellery
 n - a +6 ring of strength (left hand)
Scrolls
 c - a scroll of immolation
Potions
 d - a potion of ambrosia
 f - a potion of curing {unknown}
 i - a potion of degeneration {unknown}
 j - a potion of flight {unknown}
 k - a potion of cancellation {unknown}
 l - a potion of heal wounds {unknown}
 m - a potion of might {unknown}


   Skills:
 - Level 2.1 Fighting
 + Level 5.3 Crossbows
 - Level 1.7 Dodging
 - Level 1.2 Stealth


You had 3 spell levels left.
You didn't know any spells.
Your spell library contained the following spells:

 Spells                   Type           Power      Damage    Failure   Level
 Freeze                   Ice            0%         1d3       43%         1
 Ozocubu's Armour         Ice            0%         N/A       80%         3
 Summon Guardian Golem    Hex/Summ       0%         N/A       80%         3
 Fulminant Prism          Conj/Hex       0%         3d6       99%         4
 Freezing Cloud           Conj/Ice/Air   0%         6-21      100%        5
 Manifold Assault         Tloc           0%         N/A       100%        5
 Metabolic Englaciation   Hex/Ice        0%         N/A       100%        5
 Simulacrum               Ice/Necr       0%         N/A       100%        6
 Storm Form               Tmut/Air       0%         N/A       100%        7
 Blink                    Tloc           Unusable   N/A       N/A         2

Dungeon Overview and Level Annotations

Branches:
Dungeon (2/15)

Altars:

Annotations:
D:2 Sigmund


Innate Abilities, Weirdness & Mutations

You cannot be hasted, slowed, berserked, paralysed or teleported.
You can dig through walls and to a lower floor.
You have a pair of large antennae on your head. (SInv)
Your four strong arms can wield two-handed weapons with a shield.


Message History

Non-targeted abil: Dig
Press: ? - help, Q - select action, (/) - cycle Dir - look around, f - activate
Okay, then.
Unknown command.
Unknown command.
Shoot: a) +1 hand crossbow
Press: ? - help, Q - select action, (/) - cycle Shift-Dir - straight line, f - Sigmund
Aim: Sigmund, wielding a +0 scythe and wearing a +0 robe (moderately wounded, 63% to hit)
You shoot a bolt. The bolt completely misses Sigmund.
Shoot: a) +1 hand crossbow
Press: ? - help, Q - select action, (/) - cycle Shift-Dir - straight line, f/p - Sigmund
Aim: Sigmund, wielding a +0 scythe and wearing a +0 robe (moderately wounded, 63% to hit)
You shoot a bolt. The bolt closely misses Sigmund.
Sigmund misses you.
Shoot: a) +1 hand crossbow
Press: ? - help, Q - select action, (/) - cycle Shift-Dir - straight line, f/p - Sigmund
Aim: Sigmund, wielding a +0 scythe and wearing a +0 robe (moderately wounded, 63% to hit)
You shoot a bolt. The bolt hits Sigmund.
Sigmund is moderately wounded.
Sigmund mumbles some strange words.
Sigmund flickers and vanishes for a moment.
Shoot: a) +1 hand crossbow
Press: ? - help, Q - select action, (/) - cycle Shift-Dir - straight line, f/p - Sigmund
Aim: Sigmund, wielding a +0 scythe and wearing a +0 robe (moderately wounded, slightly transparent, 63% to hit)
You shoot a bolt. The bolt barely misses Sigmund.
Sigmund points at you and mumbles some strange words.
You are confused.
Sigmund hits you from afar with a +0 scythe.
Non-targeted confused shoot: a) +1 hand crossbow
Press: ? - help, Q - select action, (/) - cycle Dir - look around, f - activate You shoot a bolt.
Non-targeted confused shoot: a) +1 hand crossbow
Press: ? - help, Q - select action, (/) - cycle Dir - look around, f - activate You shoot a bolt.
Sigmund misses you.
Non-targeted confused shoot: a) +1 hand crossbow
Press: ? - help, Q - select action, (/) - cycle Dir - look around, f - activate You shoot a bolt.
Sigmund hits you from afar with a +0 scythe!
You die...

#.# #.#
##.### #....
#..# #..#
#@.# #..#
#@.#
#########
#..#
........#
#..#
#######.#
#..# #.# #..#
#.########..#
#...........#
#
#.########.##
#######.# #.#


You could see Sigmund (invisible).

Vanquished Creatures
  3 adders (D:2)
  A dart slug (D:1)
  2 bats (D:1)
  2 endoplasms (D:1)
  A giant cockroach (D:1)
  2 goblins (D:1)
  2 kobolds (D:1)
  A quokka (D:1)
  2 frilled lizards (D:1)
  3 rats (D:1)
19 creatures vanquished.

Notes
Turn   | Place    | Note
-------+----------+-------------------------------------------
     0 | D:1      | HoaS the Formicid Hunter began the quest for the Orb.
     0 | D:1      | Reached XP level 1. HP: 16/16 MP: 1/1
    67 | D:1      | Reached XP level 2. HP: 17/22 MP: 2/2
   300 | D:1      | Found a faded altar of an unknown god.
   814 | D:1      | Reached XP level 3. HP: 27/27 MP: 3/3
   992 | D:2      | Got Sif Muna's Volume of Bewitching Snow
  1010 | D:2      | Reached skill level 5 in Crossbows
  1025 | D:2      | Reached XP level 4. HP: 26/33 MP: 4/4
  1162 | D:2      | Noticed Sigmund
  1186 | D:2      | Slain by Sigmund

Illustrated notes

Levels and vault maps discovered:
D:1:      shiori_arrival_maze, layout_basic,
          shapermc_ecumenical_altar_mp_highgroup
D:2:      layout_loops_ring, uniq_sigmund

Skill      XL: |  1  2  3 |
---------------+----------+-----
Crossbows      | 5 |  5.3
Fighting       | |  2.1
Dodging        | |  1.7
Stealth        | |  1.2

Action                   |  1- 3 |  4- 6 || total
-------------------------+-------+-------++-------
Melee: Hand crossbow     |       |     1 ||     1
 Fire: Hand crossbow     |    52 |    16 ||    68
 Abil: Dig               |       |     2 ||     2
  Use: Scroll            |     3 |       ||     3
Armor: Leather armour    |     2 |       ||     2
Dodge: Dodged            |    12 |     9 ||    21

Table legend: (Time is in decaauts)
 A = Elapsed time spent in this place.
 B = Non-inter-level travel time spent in this place.
 C = Inter-level travel time spent in this place.
 D = Time resting spent in this place.
 E = Time spent auto-exploring this place.
 F = Levels seen in this place.
 G = Mean time per level.
                   A        B        C        D        E       F      G
               +--------+--------+--------+--------+--------+-----+--------+
         Total |   1206 |   1154 |     52 |    128 |    820 |   2 |  603.0 |
       Dungeon |   1206 |   1154 |     52 |    128 |    820 |   2 |  603.0 |
               +--------+--------+--------+--------+--------+-----+--------+

Top non-repeatable levels by time:
     D:1: 940 daAuts
     D:2: 266 daAuts
